 Dungeon Crawl Stone Soup version 0.30-b1-2-g02819fbbbe (webtiles) character file.

Game seed: 3758825419824825976

21389 MisterFreud the Grappler (level 12, -1/101 HPs)
             Began as a Pale Draconian Transmuter on May 2, 2023.
             Was the Champion of Yredelemnul.
             Shot with an arrow by Nessos (26 damage)
             ... on level 3 of the Lair of Beasts.
             The game lasted 00:28:39 (16697 turns).

MisterFreud the Grappler (DrTm)                    Turns: 16697, Time: 00:28:42

Health: -1/101     AC: 12    Str: 14    XL:     12   Next: 53%
Magic:  19/19      EV: 14    Int: 16    God:    Yredelemnul [******]
Gold:   879        SH:  0    Dex: 13    Spells: 10/17 levels left

rFire   . .          .
                       - Unarmed
rCold   + . .        (no shield)
rNeg    . . .        (body armour unavailable)
rPois   .            (helmet restricted)
rElec   .            A - +0 cloak
rCorr   .            t - +0 pair of gloves
SInv    .            p - +1 pair of boots
Will    .....        (no amulet)
Stlth   +            r - ring of protection from cold
HPRegen 0.36/turn    (no ring)
MPRegen 0.16/turn

%: no passive effects
@: no status effects
A: breathe steam, AC +8, unfitting armour, cold-blooded, steam resistance
a: Breathe Steam, Renounce Religion, Recall Undead Harvest, Dark Bargain, Drain
Life, Bind Soul


You were on level 3 of the Lair of Beasts.
You worshipped Yredelemnul.
Yredelemnul was aware of your devotion.
You visited 3 branches of the dungeon, and saw 14 of its levels.

You collected 879 gold pieces.

Inventory:

Missiles
 e - 12 poisoned darts (quivered)
 q - 2 throwing nets
 x - a curare-tipped dart
 D - 2 boomerangs
Armour
 p - a +1 pair of boots (worn)
 t - a +0 pair of gloves (worn)
 A - a +0 cloak (worn)
Jewellery
 r - a ring of protection from cold (left hand)
Wands
 j - a wand of charming (17)
 m - a wand of mindburst (26)
 n - a wand of iceblast (12)
 s - a wand of light (16)
 H - a wand of polymorph (1)
Scrolls
 i - a scroll of amnesia
 o - 3 scrolls of torment
 u - 2 scrolls of magic mapping
 v - 3 scrolls of fear
 y - a scroll of enchant weapon
 C - a scroll of enchant armour
 E - a scroll of vulnerability {unknown}
 G - 2 scrolls of fog {unknown}
 J - a scroll of teleportation
 K - a scroll of identify
Potions
 a - 2 potions of flight
 b - 3 potions of resistance
 c - 3 potions of brilliance
 d - 2 potions of invisibility
 f - a potion of haste
 g - a potion of mutation
 h - 2 potions of cancellation
 k - 2 potions of attraction {unknown}
 l - a potion of magic {unknown}
 w - 3 potions of curing
 z - a potion of heal wounds
 B - 2 potions of ambrosia
 F - a potion of might
 I - 3 potions of berserk rage


   Skills:
 + Level 7.8 Fighting
 - Level 0.2 Throwing
 - Level 6.0 Dodging
 - Level 0.2 Stealth
 - Level 12.9 Unarmed Combat
 - Level 3.0 Spellcasting
 + Level 8.9 Transmutations
 - Level 4.0 Ice Magic
 - Level 10.0 Invocations
 - Level 5.0 Evocations


You had 10 spell levels left.
You knew the following spells:

 Your Spells              Type           Power      Damage    Failure   Level
a - Spider Form           Tmut/Pois      16%        N/A       9%          3
b - Ice Form              Ice/Tmut       23%        N/A       13%         4

Your spell library contained the following spells:

 Spells                   Type           Power      Damage    Failure   Level
 Beastly Appendage        Tmut           62%        N/A       1%          1
 Wereblood                Tmut           31%        N/A       1%          2
 Shock                    Conj/Air       8%         1d3       19%         1
 Poisonous Vapours        Pois/Air       4%         N/A       28%         2
 Mephitic Cloud           Conj/Pois/Air  2%         N/A       50%         3
 Stone Arrow              Conj/Erth      4%         3d7       50%         3
 Swiftness                Air            2%         N/A       50%         3
 Vhi's Electric Charge    Tloc/Air       4%         N/A       50%         3
 Volatile Blastmotes      Fire/Tloc      4%         2d10      50%         3
 Summon Ice Beast         Ice/Summ       8%         N/A       63%         4
 Alistair's Intoxication  Tmut/Pois      10%        N/A       63%         5
 Airstrike                Air            1%         2d(1-17)  88%         4
 Fulminant Prism          Conj/Hex       1%         3d5       88%         4
 Iskenderun's Mystic Bla  Conj/Tloc      2%         2d3       88%         4
 Freezing Cloud           Conj/Ice/Air   3%         6-21      97%         5
 Arcjolt                  Conj/Air       1%         1d11      99%         5
 Borgnjor's Vile Clutch   Necr/Erth      1%         N/A       99%         5
 Lee's Rapid Deconstruct  Erth           1%         3d4*      99%         5
 Summon Mana Viper        Hex/Summ       2%         N/A       99%         5
 Eringya's Noxious Bog    Tmut/Pois      8%         N/A       99%         6
 Plasma Beam              Fire/Air       1%         2x1d12    100%        6
 Monstrous Menagerie      Summ           1%         N/A       100%        7
 Lehudib's Crystal Spear  Conj/Erth      1%         10d2      100%        8
 Animate Armour           Summ/Erth      Unusable   N/A       N/A         4

Dungeon Overview and Level Annotations

Branches:
Dungeon (10/15)            Temple (1/1) D:7            Lair (3/5) D:8
  Snake (0/4) Lair:3
  Swamp: Lair:2-3    Shoals: Lair:2-3       Orc: D:9-12

Altars:
Ashenzari
Cheibriados
Dithmenos
Elyvilon
Fedhas
Gozag
Hepliaklqana
Kikubaaqudgha
Makhleb
Nemelex Xobeh
Okawaru
Qazlal
Ru
Sif Muna
Trog
Uskayaw
Vehumet
Wu Jian
Xom
Yredelemnul
Zin
The Shining One

Shops:
D:2 =   D:6 :   D:10 ?*(**

Annotations:
D:5 1 runed translucent door, MrCrawl's ghost, novice DsNe
Lair:3 Nessos


Innate Abilities, Weirdness & Mutations

You can breathe blasts of scalding, opaque steam.
Your pale cyan-grey scales are hard. (AC +8)
You cannot fit into any form of body armour.
You are cold-blooded and may be slowed by cold attacks.
You are immune to the effects of steam.


Message History

The arrow completely misses you.
Your wolf zombie bites Nessos!
You feel better.
Nessos unwields a +2 longbow of flaming.
It stops flaming.
Nessos barely misses your wolf zombie.
Nessos kicks your wolf zombie but does no damage.
Your wolf zombie bites Nessos but does no damage.
Nessos hits your wolf zombie! Nessos kicks your wolf zombie.
Nessos gestures wildly while chanting.
Nessos blinks!
Nessos wields a +2 longbow of flaming.
It bursts into flame!
Nessos shoots an arrow.
The arrow hits your wolf zombie!! The arrow burns your wolf zombie.
Unknown command.
Unknown command.
Your wolf zombie bites Nessos but does no damage.
Nessos shoots an arrow.
The arrow hits your bound komodo dragon!
The arrow burns your bound komodo dragon.
Your wolf zombie bites Nessos but does no damage.
Unknown command.
Nessos shoots an arrow.
The arrow hits your water moccasin zombie!
The arrow burns your water moccasin zombie.
Your wolf zombie bites Nessos but does no damage.
Nessos shoots an arrow.
The arrow hits your water moccasin zombie!
The arrow burns your water moccasin zombie.
Your water moccasin zombie is destroyed!
Your wolf zombie barely misses Nessos.
Your bound komodo dragon closely misses Nessos.
Your wolf zombie bites Nessos but does no damage.
Nessos mumbles some strange words.
Nessos blinks!
Your transformation has ended.
Your +0 cloak unmelds from your body.
Your +0 pair of gloves unmelds from your body.
Your +1 pair of boots unmelds from your body.
Nessos gestures wildly while chanting.
Nessos blinks!
Nessos shoots an arrow.
The arrow hits you!!
You die...
Your body rises from the dead as a mindless zombie.

##............. ####
#ZZ........... .##...#
#.............
.!..[..####.............
.........##.........
.........###........
....Z....#ZZ........
....Z......#........
..Z.Z.Z@ZZ.###......
....Z.....## ......
......Z...# #.....
..........# ....#
..........# #..#.
........... #..........#
##.......c.#


You could see Nessos (fast, ally target), a friendly bound komodo dragon, a
friendly water moccasin zombie, 2 friendly wolf zombies and 7 friendly yak
zombies.

Vanquished Creatures
  Harold (D:9)
  A hydra (Lair:2)
  A centaur warrior (D:8)
  A skyshark (Lair:2)
  2 manticores (D:8)
  An ugly thing (D:9)
  2 black mambas
  4 komodo dragons
  Maggie (D:6)
  7 cane toads
  A rime drake (Lair:2)
  A tengu conjurer (D:8)
  2 trolls (D:10)
  A vampire (D:8)
  A shadow (D:10)
  19 yaks
  3 wraiths
  5 wyverns
  3 steam dragons
  4 humans (D:8)
  2 vampire mosquitoes (D:10)
  7 water moccasins
  Duvessa (D:6)
  6 orc warriors
  An ice beast (D:4)
  4 black bears
  An ogre (D:9)
  A centaur (D:5)
  6 wolves
  A phantom (D:5)
  3 kobold brigands
  4 bullfrogs
  2 scorpions (D:6)
  5 wights (D:9)
  Dowan (D:6)
  9 killer bees
  A howler monkey (D:8)
  An electric eel (D:6)
  4 hounds
  2 orc priests
  3 gnoll boudas
  2 iguanas
  An iron imp (D:6)
  A sleepcap (D:5)
  Natasha (thrice) (D:2)
  9 orc wizards
  A killer bee zombie (D:10)
  Robin (D:2)
  16 gnolls
  7 adders
  2 white imps
  An ufetubus (D:5)
  3 dart slugs (D:5)
  45 orcs
  8 endoplasms
  2 giant cockroaches
  10 goblins
  8 hobgoblins
  17 kobolds
  2 quokkas (D:1)
  5 ball pythons
  6 bats
  2 frilled lizards
  A kobold zombie (D:10)
  3 rats
282 creatures vanquished.

Vanquished Creatures (collateral kills)
  2 black mambas (Lair:3)
  4 komodo dragons
  2 wyverns (Lair:1)
  A yak (Lair:2)
  3 water moccasins
  An orc warrior (D:10)
  2 wolves (Lair:3)
  A bullfrog (Lair:3)
  An orc wizard (D:10)
  An orc (D:10)
  A goblin (D:10)
  A butterfly (Lair:3)
20 creatures vanquished.

Vanquished Creatures (others)
  A black mamba zombie (Lair:3)
  A cane toad zombie (Lair:3)
  2 water moccasin zombies (Lair:3)
  2 yak zombies (Lair:3)
  A kobold zombie (D:10)
  9 fungi
  30 plants
46 creatures vanquished.

Grand Total: 348 creatures vanquished

Notes
Turn   | Place    | Note
-------+----------+-------------------------------------------
     0 | D:1      | MisterFreud the Draconian Transmuter began the quest for
                  | the Orb.
     0 | D:1      | Reached XP level 1. HP: 16/16 MP: 3/3
   397 | D:1      | Reached XP level 2. HP: 23/23 MP: 3/5
   705 | D:2      | Noticed Robin
   876 | D:2      | Noticed Natasha
   890 | D:2      | Killed Natasha
   891 | D:2      | Reached XP level 3. HP: 8/28 MP: 6/6
  1258 | D:2      | Found a burning altar of Makhleb.
  1297 | D:2      | Killed Robin
  1298 | D:2      | Reached XP level 4. HP: 21/35 MP: 7/7
  1402 | D:2      | Learned a level 3 spell: Spider Form
  1407 | D:2      | Learned a level 4 spell: Ice Form
  1436 | D:2      | Found Izirr's Jewellery Emporium.
  1501 | D:2      | Noticed Natasha
  1510 | D:2      | Killed Natasha
  1654 | D:2      | Noticed Natasha
  1660 | D:2      | Killed Natasha
  1851 | D:3      | You fall into a shaft and drop 1 floor!
  2013 | D:4      | Reached XP level 5. HP: 31/40 MP: 8/8
  2080 | D:4      | Noticed an ice beast
  2781 | D:3      | Found a burning altar of Makhleb.
  3092 | D:4      | Killed an ice beast
  3093 | D:4      | Reached skill level 5 in Transmutations
  3093 | D:4      | Reached XP level 6. HP: 20/48 MP: 6/9
  3196 | D:4      | Found a white marble altar of Elyvilon.
  3527 | D:4      | Identified the +6 chain mail "Faihass" {Slay+2}
  3650 | D:4      | Found a shimmering altar of Xom.
  3684 | D:4      | Identified the +5 hand axe of Erenot {spect, rF+ Will++}
  3748 | D:4      | Reached skill level 4 in Unarmed Combat
  3912 | D:4      | Found a stormy altar of Qazlal.
  4174 | D:5      | Entered Level 5 of the Dungeon
  4378 | D:5      | Your scales start taking on a pale cyan-grey colour.
  4378 | D:5      | Reached XP level 7. HP: 12/57 MP: 9/11
  4378 | D:5      | Gained mutation: You are immune to the effects of steam.
                  | [Pale Draconian growth]
  4390 | D:5      | Reached skill level 5 in Unarmed Combat
  4774 | D:5      | Found a glowing silver altar of Zin.
  4805 | D:5      | Reached skill level 6 in Unarmed Combat
  4905 | D:5      | Found a runed translucent door.
  4906 | D:5      | Noticed MrCrawl's ghost (novice DsNe)
  5396 | D:6      | Found an ornate altar of the Wu Jian Council.
  5575 | D:6      | Reached XP level 8. HP: 30/66 MP: 10/12
  5739 | D:6      | Found Jimou's Tremendous Tomes.
  5898 | D:6      | Noticed Maggie
  5913 | D:6      | Killed Maggie
  6015 | D:6      | Found a snail-covered altar of Cheibriados.
  6110 | D:6      | Reached skill level 1 in Ice Magic
  6379 | D:6      | Noticed Duvessa
  6379 | D:6      | Noticed Dowan
  6395 | D:6      | Killed Duvessa
  6395 | D:6      | Killed Dowan
  6723 | D:7      | Found a staircase to the Ecumenical Temple.
  6777 | Temple   | Entered the Ecumenical Temple
  6831 | D:7      | Found a hazy altar of Hepliaklqana.
  7369 | D:7      | Found a radiant altar of Vehumet.
  7375 | D:7      | Found a glowing golden altar of the Shining One.
  7377 | D:7      | Found a sacrificial altar of Ru.
  7650 | D:7      | Reached XP level 9. HP: 44/71 MP: 9/13
  8700 | D:8      | Noticed a centaur warrior
  8719 | D:8      | Killed a centaur warrior
  8983 | D:8      | Noticed a tengu conjurer
  8986 | D:8      | Killed a tengu conjurer
  8987 | D:8      | Reached skill level 7 in Unarmed Combat
  9093 | D:8      | Noticed a manticore
  9101 | D:8      | Killed a manticore
  9102 | D:8      | Reached XP level 10. HP: 77/78 MP: 9/14
  9112 | D:8      | Reached skill level 5 in Evocations
  9157 | D:8      | Noticed a manticore
  9224 | D:8      | Found a staircase to the Lair.
  9391 | D:9      | Reached skill level 8 in Unarmed Combat
  9598 | D:8      | Killed a manticore
  9860 | D:8      | Reached skill level 9 in Unarmed Combat
 10714 | D:9      | Noticed Harold
 10728 | D:9      | Killed Harold
 10729 | D:9      | Reached skill level 10 in Unarmed Combat
 11100 | D:9      | Noticed a white ugly thing
 11117 | D:9      | Found a blossoming altar of Fedhas.
 11124 | D:9      | Found a hide-covered altar of Uskayaw.
 11501 | D:9      | Reached skill level 11 in Unarmed Combat
 11845 | D:9      | Killed a white ugly thing
 12222 | D:9      | Reached XP level 11. HP: 59/84 MP: 7/15
 12233 | D:9      | Reached skill level 12 in Unarmed Combat
 12424 | D:9      | Found a basalt altar of Yredelemnul.
 12441 | D:9      | Became a worshipper of Yredelemnul the Dark
 12493 | D:10     | Entered Level 10 of the Dungeon
 12505 | D:10     | Reached * piety under Yredelemnul
 12587 | D:10     | Found Fuun's General Store.
 12592 | D:10     | Identified the +9 flail of Mayhem {drain, Stlth+}
 12598 | D:10     | Found Vioghiuchy's Specific Store.
 12779 | D:10     | Reached ** piety under Yredelemnul
 13006 | D:10     | Found Naink's Assorted Antiques.
 13011 | D:10     | Found Ejolurakaq's Magic Scroll Emporium.
 13177 | D:10     | Reached *** piety under Yredelemnul
 13205 | D:10     | Found Gugeful's Antique Weapon Emporium.
 13265 | D:10     | Found an iron altar of Okawaru.
 13657 | Lair:1   | Entered Level 1 of the Lair of Beasts
 13705 | Lair:1   | Reached skill level 1 in Invocations
 13742 | Lair:1   | You fall into a shaft and drop 1 floor!
 13996 | Lair:2   | Noticed a six-headed hydra
 14005 | Lair:2   | Killed a six-headed hydra
 14006 | Lair:2   | Reached skill level 5 in Fighting
 14520 | Lair:2   | Reached **** piety under Yredelemnul
 14524 | Lair:2   | Reached ***** piety under Yredelemnul
 14644 | Lair:2   | Reached skill level 5 in Invocations
 14668 | Lair:2   | Noticed a skyshark
 14674 | Lair:2   | Killed a skyshark
 15396 | Lair:1   | Identified the +8 rapier of Breach {heavy, Dex+3}
 15480 | Lair:1   | Reached XP level 12. HP: 97/97 MP: 4/17
 16333 | Lair:3   | Reached skill level 10 in Invocations
 16341 | Lair:3   | Reached ****** piety under Yredelemnul
 16440 | Lair:3   | Found a staircase to the Snake Pit.
 16687 | Lair:3   | Noticed Nessos
 16697 | Lair:3   | Shot with an arrow by Nessos

Illustrated notes

Levels and vault maps discovered:
D:1:      dpeg_arrival_pits, layout_rooms, chequers_avenue, fountainhead,
          grunt_decor_fettered
D:2:      layout_loops_ring, serial_shops, shop, basic_altar, uniq_robin,
          uniq_natasha
D:3:      layout_basic, mainiacjoe_overflow_tiny_flanked
D:4:      layout_loops_ring, nicolae_elyvilon_temple_path,
          mainiacjoe_overflow_swirl, roderic_roman_lattice
D:5:      layout_basic, zin_academy, ebering_ghost_reflecting_pool
D:6:      layout_gridville, mainiacjoe_overflow_24_doors, chei_slow_surprise,
          nicolae_shop_i_like_big_books, chequers_big_river, uniq_duvessa,
          uniq_maggie
D:7:      layout_basic, nicolae_overflow_hidden_temple, kennysheep_mini,
          minmay_temple_entry_ruins
D:8:      minmay_tri_box, layout_basic, lair_entry_dummy, grunt_ministairs_10,
          minmay_ruffians
D:9:      layout_gridville, old_standard_altar, mainiacjoe_overflow_big_doors,
          special_room [special_room_orc], uniq_harold
D:10:     layout_loops_ring, kennysheep_okawaru_gauntlet, serial_shops, shop,
          shop, shop, nicolae_specific_store, st_stairs_12,
          kennysheep_generic_room_6
Temple:   hellmonk_temple_two_chambers
Lair:1:   layout_hall_layers, columned_hall_lemuel, pond, lemuel_fruit_fields
Lair:2:   layout_cave_pods, nicolae_volcano_entry_hallway, grunt_megastairs_1
Lair:3:   layout_cave_pods, minmay_shoals_entry_hut,
          minmay_snake_entry_six_corridors, lemuel_fruit_fields, uniq_nessos

Skill      XL: |  1  2  3  4  5  6  7  8  9 10 11 12 |
---------------+-------------------------------------+-----
Dodging        | 2 4 6 |  6.0
Transmutations | 4 5 6 8 |  8.9
Fighting       | 3 4 6 7 |  7.8
Unarmed Combat | 4 6 7 11 12 | 12.9
Spellcasting   | 3 |  3.0
Ice Magic      | 3 4 |  4.0
Evocations     | 4 5 |  5.0
Invocations    | 7 10 | 10.0
Throwing       | |  0.2
Stealth        | |  0.2

Action                     |  1- 3 |  4- 6 |  7- 9 | 10-12 || total
---------------------------+-------+-------+-------+-------++-------
  Melee: Unarmed           |   119 |   169 |   184 |   373 ||   845
         Kick              |    10 |       |       |       ||    10
         Headbutt          |     4 |       |       |       ||     4
         Tailslap          |    10 |     6 |    23 |    13 ||    52
         Punch             |     3 |     1 |     6 |     6 ||    16
  Throw: Dart              |     6 |    16 |       |       ||    22
   Cast: Beastly Appendage |    12 |       |       |       ||    12
         Spider Form       |       |     9 |    14 |     5 ||    28
         Ice Form          |       |       |     2 |    31 ||    33
 Invoke: Bind Soul         |       |       |       |     1 ||     1
         Recall Undead Har |       |       |       |     1 ||     1
Ability: Breathe Steam     |       |       |    26 |    30 ||    56
         End Transformatio |       |       |     1 |       ||     1
  Evoke: Wand              |       |       |       |     5 ||     5
    Use: Scroll            |     7 |     6 |     6 |     6 ||    25
         Potion            |     1 |       |     5 |     2 ||     8
   Stab: Sleeping          |       |     4 |       |       ||     4
         Distracted        |       |       |       |     4 ||     4
 Armour: Skin              |    47 |    32 |    60 |    97 ||   236
  Dodge: Dodged            |   102 |   133 |   145 |   232 ||   612
